 Dungeon Crawl Stone Soup version 0.15-a0-1506-g1b030bc (webtiles) character file.

461081 ymmaz the Tortoise (level 24, -2/157 HPs)
             Began as a Gargoyle Fighter on June 13, 2014.
             Was the Champion of Okawaru.
             Killed from afar by an ancient lich (63 damage)
             ... with a bolt of cold
             ... on Level 3 of the Crypt on June 15, 2014.
             The game lasted 06:31:25 (80259 turns).

ymmaz the Tortoise (Gargoyle Fighter)              Turns: 80259, Time: 06:31:25

HP  -2/157       AC 49     Str 28      XL: 24   Next: 48%
MP  39/39        EV 11     Int 13      God: Okawaru [******]
Gold 6126        SH 18     Dex 12      Spells:  6 memorised, 26 levels left

rFire  + . .     SeeInvis +     n - +1,+3 sacred scourge (holy)
rCold  . . .     Clarity  +     R - +3 chain mail "Gruc" {+Rage rN+ SInv}
rNeg   + + .     rCorr    .     t - +0 shield {reflect}
rPois  +         rRot     +     C - +1 hat {MR+}
rElec  +         Spirit   .     V - +2 cloak {+Inv}
SustAb .         Warding  .     X - +1 pair of gloves of Shadows and Fog {Str+3 Slay+2}
rMut   .         Stasis   .     Y - +2 pair of boots {+Jump}
Gourm  .                        s - amulet of clarity
MR     +++..                    D - ring of protection from magic
                                z - ring of protection from fire

@: about to teleport, heroism, flying, extremely resistant to hostile
enchantments, extremely unstealthy
A: able to fly continuously, large and strong wings, life protection 1,
electricity resistance, unbreathing, petrification resistance, rot immunity, AC
+17
a: Stop Flying, Heroism, Finesse, Renounce Religion, Evoke Berserk Rage, Evoke
Invisibility, Evoke Jump Attack
}: 2/15 runes: barnacled, gossamer


You were on level 3 of the Crypt.
You worshipped Okawaru.
Okawaru was exalted by your worship.
You were not hungry.

You visited 10 branches of the dungeon, and saw 53 of its levels.
You visited the Abyss 1 time.
You also visited: Labyrinth, Trove, Ice Cave and Volcano.

You collected 7584 gold pieces.
You spent 1458 gold pieces at shops.

Inventory:

Hand weapons
 a - the +5,+7 morningstar of Bodily Humours {crush, Int+1}
   (You found it on level 2 of the Lair of Beasts)

   It inflicts extra damage upon your enemies.
   It affects your intelligence (+1).
 n - a +1,+3 sacred scourge of holy wrath (weapon)
 S - a +0 blowgun
Missiles
 j - 16 curare-tipped needles
Armour
 t - a +0 shield of reflection (worn)
 C - a +1 hat of magic resistance (worn)
 R - the +3 chain mail "Gruc" (worn) {+Rage rN+ SInv}
   (Okawaru gifted it to you in an ice cave)

   It protects you from negative energy.
   It enhances your eyesight.
   It lets you go berserk.
 V - a +2 cloak of darkness (worn)
 X - the +1 pair of gloves of Shadows and Fog (worn) {Str+3 Slay+2}
   (You found it on level 3 of the Elven Halls)

   It affects your strength (+3).
   It affects your accuracy and damage with ranged weapons and melee attacks
   (+2).
 Y - a +2 pair of boots of jumping (worn)
Magical devices
 k - a wand of digging (12)
 m - a wand of teleportation (4)
 v - a wand of disintegration (7)
 x - a wand of invisibility (4)
 G - a wand of draining (10)
 H - a wand of cold (4)
 I - a wand of lightning (3)
 K - a wand of cold (0)
 Q - a wand of disintegration (8)
Comestibles
 d - 5 bread rations
 o - 9 royal jellies
Scrolls
 f - 3 scrolls of teleportation
 g - 9 scrolls of recharging
 q - 2 scrolls of magic mapping
 r - 3 scrolls of enchant armour
 u - 7 scrolls of fear
 w - 5 scrolls of blinking
 L - 23 scrolls of remove curse
 N - a scroll of summoning
 O - 2 scrolls of fog
 T - 11 scrolls of identify
Jewellery
 s - an amulet of clarity (around neck)
 z - a ring of protection from fire (left hand)
 A - an uncursed amulet of resist mutation
 D - a ring of protection from magic (right hand)
 J - an uncursed ring of teleport control
 M - an uncursed ring of ice
 P - the ring of Xohokhog {+Blink rN+ MR++ SInv}
   (You took it off an unborn on level 3 of the Crypt)

   [ring of positive energy]

   It protects you from negative energy.
   It affects your resistance to hostile enchantments.
   It enhances your eyesight.
   It lets you blink.
Potions
 c - 6 potions of haste
 e - 3 potions of might
 h - 12 potions of agility
 i - 5 potions of resistance
 l - 3 potions of curing
 E - 7 potions of restore abilities
 U - a potion of cure mutation
Miscellaneous
 p - a phial of floods
 y - a lamp of fire
 F - a phial of floods
 W - a lamp of fire
 Z - a fan of gales
Rods
 b - a +0 rod of shadows (14/14)
   (You found it on level 5 of the Lair of Beasts)
 B - a +0 rod of destruction (9/9)
   (You found it on level 1 of the Lair of Beasts)


   Skills:
 - Level 18.0(23.0) Fighting
 + Level 18.8(23.8) Maces & Flails
 + Level 19.3(24.3) Armour
 - Level 4.0(9.0) Dodging
 + Level 18.4(23.4) Shields
 - Level 11.7 Spellcasting
 + Level 11.2 Summonings
 + Level 6.3 Translocations
 - Level 7.3 Invocations
 - Level 14.2 Evocations


You had 26 spell levels left.
You knew the following spells:

 Your Spells              Type           Power        Failure   Level  Hunger
a - Apportation           Tloc           ###.......   1%          1    None
b - Phase Shift           Tloc           ###.......   34%         5    ####...
c - Control Teleport      Chrm/Tloc      ###.......   38%         4    ###....
d - Blink                 Tloc           N/A          1%          2    None
e - Shadow Creatures      Summ           N/A          4%          5    ####...
f - Spectral Weapon       Hex/Chrm       #.......     54%         3    #......


Dungeon Overview and Level Annotations

Branches:
Dungeon (15/15)            Temple (1/1) D:6             Orc (4/4) D:10
    Elf (3/3) Orc:3          Lair (8/8) D:9          Shoals (5/5) Lair:4
 Spider (5/5) Lair:6        Slime (0/6) Lair:6       Vaults (4/5) D:13
  Crypt (3/3) Vaults:2        Zot (0/5) Depths:5     Depths (5/5) D:15
   Tomb: Crypt:3

Altars:
Ashenzari
Cheibriados
Elyvilon
Fedhas
Gozag
Kikubaaqudgha
Okawaru
Qazlal
Sif Muna
Trog
Vehumet
Xom
Yredelemnul
Zin
The Shining One

Shops:
D:4 (   Orc:4 (*[=   Elf:3 (

Portals:
Hell: Depths:1 Depths:2 Depths:3 Depths:4 Depths:5
Abyss: Depths:4
Pandemonium: Depths:2 Depths:3
Ziggurat: Depths:5

Annotations:
D:2 Crazy Yiuf
Shoals:5 exclusion: Roxanne, Roxanne
Crypt:1 exclusion: curse skull
Crypt:3 exclusion: 2 curse skulls


Innate Abilities, Weirdness & Mutations

You are resistant to torment.
You are immune to poison.
You can fly continuously.
Your stone body is very resilient (AC +17).
Your wings are large and strong.
You resist negative energy.
You are resistant to electric shocks.
You can survive without breathing.
You are immune to petrification.
You are immune to rotting.


Message History

The bolt of cold hits the ancient lich.
The ancient lich resists.
The bolt of cold hits you!
You closely miss the ancient lich.
The ancient lich is moderately damaged.
You hit the ancient lich but do no damage.
The ancient lich is moderately damaged.
You block the ancient lich's attack. The Ice Fiend gestures at you.
The bolt of cold hits the ancient lich.
The ancient lich resists.
The bolt of cold hits you!
The ancient lich gestures at you while chanting.
The bolt of cold hits the ancient lich.
The ancient lich resists.
The bolt of cold hits you!
Read which item? (? for menu, Esc to quit)
As you read the scroll of teleportation, it crumbles to dust.
You feel strangely unstable.
The ancient lich shouts!
The ancient lich casts a spell at you. The bolt of cold hits you!
You die...

.............#..###########.?#,,,
............#####*.......*####*,,
......P.....#....,.![|"}.,,,,,*,,
.#...#.....###..#*.%=⌠[!$**,,***,
.#^..###...###..##.1|:}$.#*, ***,
....(#..#...#......L......,,,,*,,
.#...#......#......#####.., ,,*,,
.#..#.##.P.####L####...##**+****,
........#..###..@##.....#*,,,***,
♣..#........#..######'###***,,*,,
.......##...#..# ##...## *,,*,,
...P.......###.####.....##**,***,
##############.#⌠#.......#⌠*,* **
#....'....../).#.[...#...+,*,,, ,
#....###.#######.#.......#,******
#....###).##.....##.....##,,,,,**
#....##..##..#######...##*****,,*


You could see an ancient lich (invisible).

Vanquished Creatures
  Sojobo (Depths:1)
  Norris (Depths:2)
  2 golden dragons (Depths:3)
  Jory (Crypt:3)
  A bone dragon (Depths:5)
  6 liches
  2 titans
  A deep elf master archer (Elf:3)
  4 tentacled starspawn
  A storm dragon (Depths:3)
  A kraken (Shoals:5)
  5 deep elf blademasters (Elf:3)
  Agnes (Vaults:2)
  A sphinx (Depths:4)
  3 tengu reavers
  3 shadow dragons
  Ilsuiw (Shoals:5)
  14 fire giants
  5 frost giants
  Rupert (Lair:3)
  Donald (Spider:1)
  Maud (Spider:1)
  A draconian scorcher (Depths:5)
  3 iron dragons
  3 ghost moths
  9 emperor scorpions
  Aizul (Shoals:5)
  A draconian zealot (Depths:5)
  Gastronok (Orc:3)
  2 octopode crushers (Depths:1)
  An angel (Abyss:2)
  6 vault wardens
  2 reapers (Crypt:3)
  2 ghouls (Crypt:2)
  Jorgrun (Spider:2)
  18 stone giants
  A spriggan defender (Depths:5)
  5 deep elf sorcerers (Elf:3)
  The ghost of valor the Hoplite, a powerful FoFi of Okawaru (Lair:8)
  2 deep elf demonologists (Elf:3)
  A vampire knight (Depths:5)
  A grey draconian (Depths:5)
  2 green draconians (Depths:5)
  A red draconian (Depths:5)
  A lorocyproca (Abyss:2)
  Azrael (Elf:1)
  A purple draconian (Depths:5)
  A mottled draconian (Depths:5)
  6 dire elephants
  3 eidola (Crypt:3)
  An unborn (Crypt:3)
  5 deep elf annihilators (Elf:3)
  3 merfolk javelineers
  4 jiangshi
  6 merfolk impalers
  4 minotaurs
  10 deep elf death magi
  A green death (Abyss:2)
  7 ettins
  5 sirens
  A deep elf high priest (Depths:5)
  5 great orbs of eyes
  14 ogre magi
  6 fire dragons
  2 ghost crabs
  13 ironheart preservers
  Harold (D:11)
  9 hydras
  6 deep troll earth magi
  12 yaktaur captains
  A ravenous feature mimic (Vaults:2)
  Erica (D:11)
  9 vault guards
  3 merfolk aquamancers
  2 alligator snapping turtles
  2 dancing weapons (D:13)
  A thrashing horror (Abyss:2)
  A satyr (Shoals:5)
  A death knight (Abyss:2)
  Fannar (D:13)
  7 soul eaters
  6 death yaks
  3 spectral elves
  Urug (Orc:2)
  An orc high priest (Orc:4)
  12 spriggan berserkers
  7 iron trolls
  2 titan skeletons (Crypt:3)
  10 ice dragons
  8 centaur warriors
  A hell knight (Depths:2)
  Erolcha (Orc:3)
  5 deep elf knights
  2 sun demons (Depths:1)
  2 wretched stars (Abyss:2)
  A shadow wraith (Vaults:4)
  17 large abominations
  A hell beast (Depths:1)
  A storm dragon skeleton (Crypt:3)
  24 very ugly things
  3 flayed ghosts
  Nergalle (Lair:3)
  4 wizards
  11 orb spiders
  An unseen horror (Depths:4)
  12 deep troll shamans
  A fire crab (shapeshifter) (D:13)
  A giant orange brain (shapeshifter) (Depths:1)
  14 sea snakes
  2 silver statues
  3 giant orange brains
  Pikel (D:4)
  11 hill giants
  3 water nymphs
  6 deep elf summoners
  A catoblepas (Lair:4)
  An ice devil (Depths:1)
  31 deep trolls
  4 fire crabs
  8 griffons
  A salamander mystic (Volcano)
  8 deep elf conjurers
  25 wolf spiders
  7 orc knights
  A stone giant zombie (Crypt:2)
  27 harpies
  6 red wasps
  A cyclops (shapeshifter) (Vaults:2)
  6 orc sorcerers
  2 frost giant zombies
  4 phantasmal warriors
  An oklob plant (Lair:2)
  14 manticores
  8 necromancers
  9 cyclopes
  A spiny frog (shapeshifter) (Vaults:4)
  A stone giant skeleton (Abyss:2)
  A moth of wrath (shapeshifter) (Vaults:4)
  2 guardian serpents (Depths:4)
  An iron dragon skeleton (Crypt:2)
  A fire giant skeleton (Crypt:3)
  5 molten gargoyles
  8 mermaids
  5 moths of wrath
  6 salamanders (Volcano)
  13 vault sentinels
  8 black mambas
  9 ironbrand convokers
  4 orange demons
  32 elephants
  19 demonic crawlers
  A centaur zombie (D:13)
  A dire elephant skeleton (Abyss:2)
  2 gargoyles
  10 fauns
  7 komodo dragons
  A queen ant (Lair:2)
  2 efreet (Abyss:2)
  8 smoke demons (Abyss:2)
  An emperor scorpion zombie (Depths:1)
  An iron devil (Abyss:1)
  44 yaktaurs
  10 freezing wraiths
  16 hellwings
  24 merfolk
  7 deep elf priests
  2 silent spectres
  A tengu conjurer (Depths:2)
  3 fire drakes
  An item mimic (D:12)
  A centaur skeleton (D:10)
  3 ancient zymes (Abyss:2)
  10 trolls
  4 giant leeches
  3 ravens (Depths:2)
  14 blink frogs
  25 jumping spiders
  21 spiny frogs
  8 boulder beetles
  An ice dragon zombie (Depths:1)
  26 slime creatures
  4 raiju (Abyss:2)
  5 flying skulls (Crypt:2)
  66 yaks
  A basilisk (shapeshifter) (Depths:4)
  7 wraiths
  37 redbacks
  15 water elementals
  4 wind drakes
  16 starcursed masses (Abyss:2)
  7 spriggans
  2 vampires
  4 fire dragon skeletons
  22 deep elf magi
  A deep troll skeleton (Depths:1)
  21 trapdoor spiders
  4 fire elementals (Elf:1)
  6 fire bats
  A hill giant zombie (D:14)
  20 tarantellas
  Eustachio (D:8)
  5 shadows
  2 neqoxecs (Abyss:2)
  A steam dragon (D:11)
  3 chaos spawn
  19 hippogriffs
  12 snapping turtles
  2 hungry ghosts
  3 wyverns
  2 wargs
  A hill giant skeleton (D:11)
  19 vampire mosquitoes
  3 yaks (shapeshifter)
  4 basilisks
  2 human zombies
  A raven skeleton (Crypt:3)
  14 soldier ants (Lair:2)
  51 ugly things
  12 water moccasins
  4 mottled dragons
  A faun skeleton (Crypt:1)
  24 sharks
  13 porcupines
  17 wolves
  12 small abominations
  2 human simulacra (Vaults:2)
  4 hell hounds (Elf:1)
  25 deep elf fighters
  15 ice beasts
  3 black bears
  33 spiders
  A dwarf (shapeshifter) (Depths:3)
  5 sky beasts
  11 yellow wasps
  45 ogres
  22 orc warriors
  4 necrophages
  A spider (shapeshifter) (D:12)
  3 phantoms
  10 crocodiles
  18 centaurs
  25 boggarts
  6 big kobolds
  2 lava worms
  An orc skeleton (D:14)
  An ogre (shapeshifter) (Depths:1)
  2 lost souls (Elf:3)
  2 brain worms
  A cyclops zombie (D:12)
  Blork the orc (D:8)
  23 giant frogs
  15 polar bears
  A cyclops skeleton (D:12)
  7 electric eels
  20 two-headed ogres
  A warg skeleton (Crypt:2)
  An eye of draining (Abyss:2)
  3 raiju zombies (Abyss:2)
  7 scorpions
  20 wights
  26 killer bees
  2 lava snakes (Lair:7)
  A hippogriff skeleton (D:6)
  9 big fish
  18 crimson imps
  23 iguanas
  A two-headed ogre zombie (D:10)
  2 giant frog zombies
  8 hounds
  3 quasits
  17 jellies
  31 orc priests
  A two-headed ogre skeleton (D:12)
  3 giant frog skeletons
  8 iron imps
  52 orc wizards
  A black bear skeleton (D:7)
  3 spectral orcs (Lair:3)
  6 orange rats
  49 worker ants
  24 sheep
  2 ogre zombies
  Ijyb (D:6)
  An elf zombie (D:13)
  A dwarf skeleton (Crypt:1)
  2 ogre skeletons
  Terence (D:3)
  A mummy (D:10)
  An orange rat zombie (Crypt:1)
  66 green rats
  21 adders
  A worm zombie (Crypt:2)
  9 shadow imps
  5 worms
  4 giant mites
  7 white imps
  5 orc zombies
  An adder zombie (D:5)
  2 iguana skeletons
  A giant eyeball (D:15)
  5 giant geckos
  2 oozes
  185 orcs
  A ball python (D:1)
  18 bats
  9 giant cockroaches
  25 goblins
  15 hobgoblins
  24 jackals
  15 quokkas
  A giant gecko skeleton (Crypt:1)
  7 giant newts
  A giant spore (D:15)
  2 hobgoblin skeletons
  2 hobgoblin zombies
  23 kobolds
  A quokka zombie (D:7)
  8 rats
  15 ballistomycetes
  4 fungi
  A starspawn tentacle (Abyss:1)
  3 tentacles (Shoals:5)
2596 creatures vanquished.

Vanquished Creatures (collateral kills)
  2 emperor scorpions (Spider:5)
  An eidolon (Crypt:3)
  An ettin (Depths:2)
  A deep troll earth mage (Depths:3)
  A deep troll shaman (Depths:3)
  A spriggan berserker (Depths:2)
  A tengu warrior (Depths:2)
  A harpy (Shoals:4)
  A flayed ghost (Depths:2)
  A water nymph (Shoals:5)
  A snapping turtle (Shoals:5)
  A trapdoor spider (Spider:5)
  A spriggan (Depths:2)
  A yellow wasp (Depths:2)
  A hound (D:12)
16 creatures vanquished.

Vanquished Creatures (others)
  An Executioner (Crypt:3)
  A spriggan defender (Depths:5)
  A black draconian (Depths:5)
  A vault guard (Vaults:4)
  A deep troll shaman (Depths:5)
  A spriggan berserker (Depths:5)
  A large abomination (Abyss:2)
  A hill giant (Depths:2)
  4 deep trolls
  An unseen horror (Depths:3)
  A deep elf conjurer (Elf:2)
  A wizard (Vaults:2)
  8 drowned souls
  Psyche (D:11)
  A jumping spider (Spider:4)
  A tengu simulacrum (Vaults:3)
  A tengu conjurer (Shoals:5)
  A polar bear (IceCv)
  2 spriggans (Depths:5)
  A deep elf mage (Elf:2)
  A redback (Spider:4)
  A golden eye (Abyss:2)
  2 yaks (D:12)
  A hippogriff (Shoals:5)
  3 ugly things (Depths:3)
  A trapdoor spider (Depths:2)
  A fire elemental (Lair:7)
  A soldier ant (Spider:5)
  A mottled dragon (Shoals:5)
  3 yellow wasps
  8 small abominations (Abyss:2)
  2 boggarts
  2 giant frogs (Shoals:5)
  A lost soul (Crypt:1)
  A cyclops skeleton (Shoals:4)
  A scorpion (D:12)
  A wight (D:15)
  An orc priest (Vaults:3)
  2 orc wizards
  A worker ant (Spider:5)
  A giant mite (D:6)
  5 orcs
  A giant spore (D:6)
  A bush (Abyss:2)
  6 fungi
  9 plants
  15 starspawn tentacles
  210 starspawn tentacle segments (Abyss:2)
  6 tentacles (Shoals:5)
  82 tentacle segments (Shoals:5)
402 creatures vanquished.

Grand Total: 3014 creatures vanquished

Notes
Turn   | Place    | Note
--------------------------------------------------------------
     0 | D:1      | ymmaz, the Gargoyle Fighter, began the quest for the Orb.
     0 | D:1      | Reached XP level 1. HP: 14/14 MP: 1/1
   148 | D:1      | Reached XP level 2. HP: 19/19 MP: 2/2
   516 | D:1      | Reached XP level 3. HP: 23/23 MP: 3/3
  1007 | D:2      | Reached XP level 4. HP: 28/28 MP: 4/4
  1039 | D:2      | Reached skill level 4 in Shields
  1501 | D:2      | Noticed Crazy Yiuf
  1676 | D:3      | Found an iron altar of Okawaru.
  1694 | D:3      | Found a blossoming altar of Fedhas.
  1694 | D:3      | Found a basalt altar of Yredelemnul.
  1696 | D:3      | Found a radiant altar of Vehumet.
  1699 | D:3      | Became a worshipper of Warmaster Okawaru
  1738 | D:3      | Reached XP level 5. HP: 30/33 MP: 5/5
  1794 | D:3      | Noticed Terence
  1815 | D:3      | Killed Terence
  2555 | D:4      | Found Feres' Antique Weapon Shop.
  2555 | D:4      | Noticed a black bear
  2579 | D:4      | Killed a black bear
  2579 | D:4      | Reached XP level 6. HP: 30/39 MP: 6/6
  2581 | D:4      | Acquired Okawaru's first power
  2866 | D:4      | Noticed a phantom
  2905 | D:4      | Killed a phantom
  2905 | D:4      | Reached skill level 5 in Shields
  2928 | D:4      | Noticed an ogre
  2966 | D:4      | Reached skill level 5 in Armour
  2966 | D:4      | Reached XP level 7. HP: 36/44 MP: 7/7
  3225 | D:4      | Reached skill level 5 in Fighting
  3295 | D:4      | Noticed a slave
  3297 | D:4      | Noticed Pikel
  3297 | D:4      | Noticed a slave
  3298 | D:4      | Noticed a slave
  3299 | D:4      | Noticed a slave
  3334 | D:4      | Killed Pikel
  3334 | D:4      | Reached skill level 5 in Maces & Flails
  3334 | D:4      | Reached XP level 8. HP: 35/51 MP: 8/8
  3629 | D:4      | Reached skill level 6 in Shields
  3676 | D:5      | Entered Level 5 of the Dungeon
  3831 | D:5      | Found a white marble altar of Elyvilon.
  4135 | D:5      | Found a bloodstained altar of Trog.
  4995 | D:6      | Found a staircase to the Ecumenical Temple.
  5010 | D:5      | Reached skill level 1 in Evocations
  5917 | D:6      | Reached XP level 9. HP: 32/56 MP: 11/11
  5992 | D:6      | Noticed Ijyb
  6033 | D:6      | Killed Ijyb
  6409 | D:6      | Reached skill level 7 in Fighting
  6547 | Temple   | Entered the Ecumenical Temple
  6655 | D:6      | Killed an ogre
  6854 | D:6      | Found an opulent altar of Gozag.
  7453 | D:6      | Found a glowing silver altar of Zin.
  7882 | D:7      | Got a slimy leather armour
  8670 | D:8      | Noticed Blork the orc
  8832 | D:8      | Killed Blork the orc
  9068 | D:8      | Reached XP level 10. HP: 64/64 MP: 17/17
  9101 | D:8      | Noticed Eustachio
  9137 | D:8      | Killed Eustachio
  9137 | D:8      | Reached skill level 8 in Fighting
  9438 | D:8      | Noticed a two-headed hydra
  9449 | D:8      | Killed a two-headed hydra
  9449 | D:8      | Acquired Okawaru's second power
  9449 | D:8      | Reached skill level 5 in Evocations
 10406 | D:9      | Reached skill level 9 in Armour
 10838 | D:9      | Reached XP level 11. HP: 58/71 MP: 20/20
 10876 | D:9      | Found a staircase to the Lair.
 11116 | D:10     | Entered Level 10 of the Dungeon
 11146 | D:10     | Received a gift from Okawaru
 11314 | D:10     | Got a pair of shimmering gloves
 11317 | D:10     | Identified the cursed -4 pair of gloves of Reason {Str+3 Int-1} (You found it on level 10 of the Dungeon)
 11357 | D:10     | Found a staircase to the Orcish Mines.
 12149 | D:10     | HP: 2/71 [molten gargoyle/bolt of magma (34)]
 13018 | D:11     | Reached skill level 10 in Armour
 13195 | D:11     | Noticed a hill giant
 13204 | D:11     | Killed a hill giant
 13508 | D:11     | Reached skill level 10 in Fighting
 13508 | D:11     | Reached skill level 10 in Shields
 13508 | D:11     | Reached XP level 12. HP: 22/77 MP: 22/22
 13948 | D:11     | Received a gift from Okawaru
 14023 | D:11     | Noticed Psyche
 14044 | D:11     | Killed Psyche
 14047 | D:11     | Noticed Erica
 14089 | D:11     | Killed Erica
 14330 | D:11     | Upgraded the game from 0.15-a0-1472-ge546950 to 0.15-a0-1485-g692b94f
 14416 | D:11     | Got a pair of transparent boots
 14419 | D:11     | Identified the cursed -3 pair of boots "Miosuug" {rN+} (You found it on level 11 of the Dungeon)
 14507 | D:11     | Noticed Harold
 14544 | D:11     | Killed Harold
 15195 | D:12     | Got an ancient iron ring
 15197 | D:12     | Identified the ring of Oluot {+Inv Str+2 Stlth-} (You found it on level 12 of the Dungeon)
 15236 | D:12     | Found a labyrinth entrance.
 15248 | Lab      | Entered a labyrinth
 15385 | Lab      | Noticed a minotaur
 15418 | Lab      | Killed a minotaur
 15418 | Lab      | Reached skill level 10 in Maces & Flails
 15467 | Lab      | Learned a level 4 spell: Control Teleport
 15487 | Lab      | Identified the +0 leather armour "Maoxzuce" {rN+ Stlth+} (You found it on level 7 of the Dungeon)
 15560 | D:12     | Reached skill level 11 in Armour
 15593 | D:12     | Noticed an ogre mage
 15603 | D:12     | Paralysed by an ogre mage for 4 turns
 15609 | D:12     | Killed an ogre mage
 15609 | D:12     | Received a gift from Okawaru
 15969 | D:12     | Noticed a four-headed hydra
 15977 | D:12     | Killed a four-headed hydra
 16064 | D:12     | Reached XP level 13. HP: 74/84 MP: 25/25
 16989 | Lair:1   | Entered Level 1 of the Lair of Beasts
 17006 | Lair:1   | Received a gift from Okawaru
 17249 | Lair:1   | Identified a +0 rod of destruction (9/9) (You found it on level 1 of the Lair of Beasts)
 17982 | Lair:2   | Learned a level 5 spell: Phase Shift
 18233 | Lair:2   | Found a dark tunnel.
 18240 | Volcano  | Entered a volcano
 18688 | Lair:2   | Reached skill level 12 in Armour
 19455 | Lair:3   | Noticed Nergalle
 19484 | Lair:3   | Killed Nergalle
 19484 | Lair:3   | Received a gift from Okawaru
 19488 | Lair:3   | Got an ichor-stained broad axe {god gift}
 19489 | Lair:3   | Identified the +3,-2 broad axe "Psoh" {venom, +Fly SInv} (Okawaru gifted it to you on level 3 of the Lair of Beasts)
 19745 | Lair:3   | Noticed Rupert
 19778 | Lair:3   | Killed Rupert
 19778 | Lair:3   | Gained mutation: Your wings are large and strong. [gargoyle growth]
 19778 | Lair:3   | Reached XP level 14. HP: 56/92 MP: 25/27
 20392 | Lair:4   | Reached skill level 10 in Evocations
 20449 | Lair:4   | Found a snail-covered altar of Cheibriados.
 20528 | Lair:4   | Received a gift from Okawaru
 20528 | Lair:4   | Reached skill level 1 in Invocations
 20784 | Lair:4   | Found a staircase to the Shoals.
 20948 | Lair:5   | Identified a +0 rod of shadows (14/14) (You found it on level 5 of the Lair of Beasts)
 21657 | Lair:6   | Found a staircase to the Slime Pits.
 21935 | Lair:6   | Learned a level 1 spell: Apportation
 21938 | Lair:6   | Learned a level 2 spell: Blink
 22290 | Lair:6   | Received a gift from Okawaru
 22545 | Lair:6   | Found a hole to the Spider Nest.
 22672 | Lair:7   | Received a gift from Okawaru
 22935 | Lair:7   | Reached skill level 13 in Armour
 23366 | Lair:7   | Received a gift from Okawaru
 24174 | Lair:8   | Entered Level 8 of the Lair of Beasts
 24303 | Lair:8   | Reached XP level 15. HP: 67/98 MP: 27/28
 24351 | Lair:8   | Identified a scroll of acquirement
 24371 | Lair:8   | Reached skill level 5 in Invocations
 24415 | Lair:8   | Received a gift from Okawaru
 24879 | Lair:8   | Got a pitted ring mail
 24925 | Lair:8   | Identified the +4 ring mail "Anu Gihi" {+Inv rN+ Dex+2} (You found it on level 8 of the Lair of Beasts)
 25126 | Lair:8   | Noticed valor's ghost (powerful FoFi)
 25138 | Lair:8   | Killed valor's ghost
 26231 | Orc:1    | Entered Level 1 of the Orcish Mines
 26998 | Orc:3    | Noticed Urug
 27000 | Orc:3    | Noticed Gastronok
 27119 | Orc:2    | Killed Urug
 27153 | Orc:3    | Killed Gastronok
 27164 | Orc:3    | Found a staircase to the Elven Halls.
 27174 | Orc:3    | Found a glowing golden altar of the Shining One.
 27403 | Orc:3    | Noticed Erolcha
 27421 | Orc:3    | Killed Erolcha
 27690 | Orc:4    | Entered Level 4 of the Orcish Mines
 27707 | Orc:4    | Found a frozen archway.
 27776 | IceCv    | Entered an ice cave
 28199 | IceCv    | Received a gift from Okawaru
 28225 | IceCv    | Got an encrusted chain mail {god gift}
 28245 | IceCv    | Identified the +3 chain mail "Gruc" {+Rage rN+ SInv} (Okawaru gifted it to you in an ice cave)
 28359 | IceCv    | Noticed a frost giant
 28411 | IceCv    | Killed a frost giant
 28429 | IceCv    | Reached skill level 14 in Fighting
 29116 | Orc:4    | Found Twejan's Jewellery Emporium.
 29116 | Orc:4    | Found Mututen's Antique Armour Emporium.
 29131 | Orc:4    | Found Qeal's Weapon Shoppe.
 29139 | Orc:4    | Found Caigav's Assorted Antiques.
 29191 | Orc:4    | Bought a pair of embroidered gloves for 103 gold pieces
 29202 | Orc:4    | Reached XP level 16. HP: 96/106 MP: 30/30
 29207 | Orc:4    | Bought a bronze chain mail for 218 gold pieces
 29228 | Orc:4    | Identified the cursed +1 chain mail "Ciluujez" {Int+4} (You bought it in a shop on level 4 of the Orcish Mines)
 29252 | Orc:4    | Bought a gluggy red potion for 18 gold pieces
 29252 | Orc:4    | Bought a pearl ring for 105 gold pieces
 30295 | Spider:1 | Entered Level 1 of the Spider Nest
 30295 | Spider:1 | Noticed Donald
 30295 | Spider:1 | Noticed Maud
 30328 | Spider:1 | Killed Maud
 30337 | Spider:1 | Killed Donald
 31045 | Spider:2 | Reached skill level 1 in Spellcasting
 31224 | Spider:2 | Noticed Jorgrun
 31243 | Spider:2 | Killed Jorgrun
 31243 | Spider:2 | Received a gift from Okawaru
 33035 | Spider:3 | Got a twisted chain mail
 33054 | Spider:3 | Identified the +0 chain mail of Noon {Str-3 Dex+3} (You found it on level 3 of the Spider Nest)
 34883 | Spider:5 | Entered Level 5 of the Spider Nest
 35028 | Spider:5 | Received a gift from Okawaru
 35059 | Spider:5 | Reached XP level 17. HP: 106/112 MP: 31/31
 35344 | Spider:5 | Reached skill level 1 in Translocations
 35373 | Spider:5 | Reached skill level 15 in Fighting
 35428 | Spider:5 | Reached skill level 15 in Armour
 35853 | Spider:5 | Received a gift from Okawaru
 36044 | Spider:5 | Got a gossamer rune of Zot
 37241 | Shoals:1 | Entered Level 1 of the Shoals
 38216 | Shoals:2 | Got a slimy golden ring
 38217 | Shoals:2 | Identified the ring "Scheiklo" {Ice rPois} (You found it on level 2 of the Shoals)
 38459 | Shoals:2 | Received a gift from Okawaru
 39657 | Shoals:4 | Reached XP level 18. HP: 108/120 MP: 32/32
 39734 | Shoals:4 | Reached skill level 5 in Translocations
 39814 | Shoals:4 | Received a gift from Okawaru
 40048 | Shoals:5 | Entered Level 5 of the Shoals
 40049 | Shoals:5 | Noticed Ilsuiw
 40983 | Shoals:5 | Killed Ilsuiw
 41114 | Shoals:5 | Noticed Aizul
 41428 | Shoals:5 | Killed Aizul
 41491 | Shoals:5 | Noticed Roxanne
 41856 | Shoals:5 | Got a barnacled rune of Zot
 42388 | Shoals:5 | Received a gift from Okawaru
 42388 | Shoals:5 | Reached skill level 16 in Fighting
 42981 | Shoals:1 | Reached skill level 15 in Maces & Flails
 43327 | Elf:1    | Entered Level 1 of the Elven Halls
 43805 | Elf:1    | Noticed Azrael
 43840 | Elf:1    | HP: 6/120 [Azrael/blast of hellfire (46)]
 43849 | Elf:1    | Killed Azrael
 44725 | Elf:2    | Reached skill level 15 in Shields
 45153 | Elf:3    | Entered Level 3 of the Elven Halls
 45538 | Elf:3    | Found Moihum's Antique Weapon Shoppe.
 46172 | Elf:3    | Reached XP level 19. HP: 118/126 MP: 33/33
 46274 | Elf:3    | Got an ancient steam dragon armour
 46290 | Elf:3    | Identified the cursed -5 steam dragon armour of Zefeptow {Str+1} (You took it off a deep elf sorcerer on level 3 of the Elven Halls)
 46695 | Elf:3    | Received a gift from Okawaru
 46699 | Elf:3    | Got an opal-encrusted ring mail {god gift}
 46715 | Elf:3    | Identified the -1 ring mail "Caumotux" {Str+3 Dex+4 Int+3} (Okawaru gifted it to you on level 3 of the Elven Halls)
 47244 | Elf:3    | Got a fine scale mail
 47270 | Elf:3    | Identified the cursed -2 scale mail "Ypsy" {Str+2 Dam+4} (You took it off a deep elf blademaster on level 3 of the Elven Halls)
 47735 | Elf:3    | Identified the Incunabulum of Cold and Dislocation (You found it on level 3 of the Elven Halls)
 47795 | Elf:3    | Got a pair of faintly glowing gloves
 47799 | Elf:3    | Identified the +1 pair of gloves of Shadows and Fog {Str+3 Acc+2} (You found it on level 3 of the Elven Halls)
 47808 | Elf:3    | Identified Sif Muna's Volume of Dusty Moulding (You found it on level 3 of the Elven Halls)
 48445 | Shoals:5 | Learned a level 5 spell: Shadow Creatures
 49003 | D:13     | Found a gate to the Vaults.
 49026 | D:13     | Reached skill level 1 in Summonings
 49401 | D:13     | Noticed Fannar
 49437 | D:13     | Killed Fannar
 49816 | D:13     | Identified Ts'ui Pên's Incunabulum of Forking Paths (You found it on level 13 of the Dungeon)
 49824 | D:13     | Identified Lee's Volume of Plaster Cramp
 49916 | D:13     | Identified the Tome of Axaxaxas mlö
 49922 | D:13     | Learned a level 3 spell: Spectral Weapon
 50732 | D:15     | Entered Level 15 of the Dungeon
 50736 | D:15     | Found a staircase to the Depths.
 50739 | D:15     | Paralysed by a giant eyeball for 3 turns
 50751 | D:15     | Paralysed by a giant eyeball for 4 turns
 51168 | D:15     | Reached skill level 17 in Fighting
 51269 | D:15     | Paralysed by a giant eyeball for 3 turns
 51428 | Vaults:1 | Entered Level 1 of the Vaults
 53050 | Vaults:2 | Noticed Agnes
 53065 | Vaults:2 | Killed Agnes
 53065 | Vaults:2 | Received a gift from Okawaru
 53255 | Vaults:2 | Reached XP level 20. HP: 101/134 MP: 35/35
 54056 | Lair:2   | Got a jewelled morningstar
 54057 | Lair:2   | Identified the +5,+7 morningstar of Bodily Humours {crush, Int+1} (You found it on level 2 of the Lair of Beasts)
 54729 | Vaults:2 | Received a gift from Okawaru
 55289 | Vaults:2 | Found a staircase to the Crypt.
 55858 | Vaults:3 | Reached skill level 5 in Spellcasting
 55888 | Vaults:3 | Received a gift from Okawaru
 55964 | Vaults:3 | Reached skill level 5 in Summonings
 57673 | Vaults:4 | Paralysed by a Zot trap for 4 turns
 58184 | Vaults:4 | Received a gift from Okawaru
 58198 | Vaults:4 | Reached skill level 18 in Fighting
 58348 | Vaults:4 | Reached XP level 21. HP: 100/141 MP: 35/35
 60071 | Orc:4    | Received a gift from Okawaru
 60081 | Orc:4    | Bought a dazzling scale mail for 207 gold pieces
 60091 | Orc:4    | Bought a scroll of enchant armour for 157 gold pieces
 60091 | Orc:4    | Bought a scroll of enchant armour for 157 gold pieces
 60092 | Orc:4    | Identified the +0 scale mail of Music {rC+ Stlth+} (You bought it in a shop on level 4 of the Orcish Mines)
 60293 | Lair:2   | Upgraded the game from 0.15-a0-1485-g692b94f to 0.15-a0-1506-g1b030bc
 60687 | Depths:1 | Entered Level 1 of the Depths
 62418 | Depths:1 | Noticed Sojobo
 62636 | Depths:1 | Killed Sojobo
 62859 | Depths:1 | Found a gateway to Hell.
 62933 | Depths:1 | Received a gift from Okawaru
 63073 | Depths:2 | Noticed Norris
 63107 | Depths:2 | Killed Norris
 63317 | Depths:2 | Reached skill level 1 in Dodging
 64055 | Depths:2 | Reached XP level 22. HP: 74/147 MP: 36/36
 64497 | Depths:2 | Found a one-way gate leading to the halls of Pandemonium.
 64588 | Depths:2 | Found a bloodstained altar of Trog.
 65068 | Depths:3 | Received a gift from Okawaru
 67929 | Depths:3 | Received a gift from Okawaru
 68782 | Depths:4 | Found a one-way gate to the infinite horrors of the Abyss.
 69046 | Depths:4 | Reached XP level 23. HP: 141/152 MP: 37/37
 69077 | Depths:4 | Found a snail-covered altar of Cheibriados.
 69161 | Depths:4 | Found a portal to a secret trove of treasure.
 69347 | Depths:4 | Identified the Grimoire of Unholy Arts and Conjuration (You found it on level 4 of the Depths)
 69393 | Depths:4 | Received a gift from Okawaru
 69393 | Depths:4 | Reached skill level 10 in Spellcasting
 70753 | Orc:4    | Bought a scroll of enchant weapon I for 73 gold pieces
 70753 | Orc:4    | Bought a scroll of enchant weapon III for 420 gold pieces
 71192 | Depths:4 | You paid a toll of a +5,+4 demon whip to enter a treasure trove
 71193 | Trove    | Entered a treasure trove
 71588 | Depths:5 | Entered Level 5 of the Depths
 72326 | Depths:5 | Found a gate to the Realm of Zot.
 72960 | Depths:5 | Found a gateway to a ziggurat.
 72995 | Depths:5 | Reached skill level 10 in Summonings
 73956 | Depths:5 | Received a gift from Okawaru
 74842 | Depths:4 | Voluntarily entered the Abyss.
 75120 | Abyss:2  | Received a gift from Okawaru
 75217 | Abyss:2  | Paralysed by accursed screaming for 1 turns
 75455 | Abyss:2  | Paralysed by accursed screaming for 1 turns
 75460 | Abyss:2  | Paralysed by accursed screaming for 1 turns
 75464 | Abyss:2  | Paralysed by accursed screaming for 1 turns
 75548 | Abyss:2  | Found an iron altar of Okawaru.
 75548 | Abyss:2  | Found a basalt altar of Yredelemnul.
 75548 | Abyss:2  | Found a shadowy altar of Dithmenos.
 75548 | Abyss:2  | Found a shimmering altar of Xom.
 75548 | Abyss:2  | Found a glowing silver altar of Zin.
 75548 | Abyss:2  | Found an ancient bone altar of Kikubaaqudgha.
 75548 | Abyss:2  | Found a sparkling altar of Nemelex Xobeh.
 75548 | Abyss:2  | Found an opulent altar of Gozag.
 75548 | Abyss:2  | Found a white marble altar of Elyvilon.
 75549 | Abyss:2  | Found a shattered altar of Ashenzari.
 75550 | Abyss:2  | Found a radiant altar of Vehumet.
 75550 | Abyss:2  | Found a deep blue altar of Sif Muna.
 75719 | Abyss:2  | Found a glowing golden altar of the Shining One.
 75719 | Abyss:2  | Found a stormy altar of Qazlal.
 75720 | Abyss:2  | Found a burning altar of Makhleb.
 75721 | Abyss:2  | Found a blossoming altar of Fedhas.
 75721 | Abyss:2  | Found a bloodstained altar of Trog.
 75722 | Abyss:2  | Found a snail-covered altar of Cheibriados.
 75880 | Abyss:2  | Found an iron altar of Okawaru.
 75903 | Abyss:2  | Found an iron altar of Okawaru.
 75903 | Abyss:2  | Found a shimmering altar of Xom.
 75904 | Abyss:2  | Found a basalt altar of Yredelemnul.
 75905 | Abyss:2  | Found an ancient bone altar of Kikubaaqudgha.
 75905 | Abyss:2  | Found a sparkling altar of Nemelex Xobeh.
 75906 | Abyss:2  | Found a shadowy altar of Dithmenos.
 75907 | Abyss:2  | Found a glowing silver altar of Zin.
 75907 | Abyss:2  | Found an opulent altar of Gozag.
 75907 | Abyss:2  | Found a white marble altar of Elyvilon.
 75908 | Abyss:2  | Found a shattered altar of Ashenzari.
 75909 | Abyss:2  | Found a deep blue altar of Sif Muna.
 75909 | Abyss:2  | Found a radiant altar of Vehumet.
 75923 | Abyss:2  | Reached XP level 24. HP: 63/157 MP: 39/39
 76076 | Abyss:2  | Found a stormy altar of Qazlal.
 76076 | Abyss:2  | Found a burning altar of Makhleb.
 76077 | Abyss:2  | Found a glowing golden altar of the Shining One.
 76078 | Abyss:2  | Found a bloodstained altar of Trog.
 76078 | Abyss:2  | Found a snail-covered altar of Cheibriados.
 76229 | Abyss:2  | Reached skill level 19 in Armour
 77234 | Abyss:2  | Found a corrupted altar of Lugonu.
 77502 | Depths:4 | Escaped the Abyss
 77731 | Crypt:1  | Entered Level 1 of the Crypt
 78510 | Crypt:3  | Entered Level 3 of the Crypt
 78519 | Crypt:3  | Noticed Jory
 78559 | Crypt:3  | Killed Jory
 79086 | Crypt:3  | Found an ancient bone altar of Kikubaaqudgha.
 79237 | Crypt:3  | Received a gift from Okawaru
 79511 | Crypt:3  | Got a steaming steel ring
 79512 | Crypt:3  | Identified the ring of Xohokhog {+Blink rN+ MR++ SInv} (You took it off an unborn on level 3 of the Crypt)
 79580 | Crypt:3  | Noticed an ancient lich
 79580 | Crypt:3  | Noticed an ancient lich
 80259 | Crypt:3  | Killed from afar by an ancient lich

Action                   |  1- 3 |  4- 6 |  7- 9 | 10-12 | 13-15 | 16-18 | 19-21 | 22-24 || total
-------------------------+-------+-------+-------+-------+-------+-------+-------+-------++-------
Melee: Flail             |   130 |   319 |    75 |       |       |       |       |       ||   524
       Whip              |       |       |   704 |    15 |       |       |       |       ||   719
       Mace              |       |       |   288 |  1045 |       |       |       |       ||  1333
       Morningstar       |       |       |       |    90 |  2398 |  2483 |  2590 |  2147 ||  9708
       Sacred scourge    |       |       |       |       |       |       |       |   110 ||   110
 Fire: Blowgun           |       |       |       |       |       |     2 |       |       ||     2
Throw: Throwing net      |       |       |       |     3 |     1 |       |       |       ||     4
 Cast: Apportation       |       |       |       |       |       |       |       |     1 ||     1
       Shadow Creatures  |       |       |       |       |       |       |       |     1 ||     1
Invok: Heroism           |       |       |       |     4 |     4 |     7 |       |     1 ||    16
       Finesse           |       |       |       |       |       |     1 |       |       ||     1
 Abil: Evoke Invisibilit |       |       |       |     1 |       |       |     1 |       ||     2
       Fly               |       |       |       |       |     1 |       |       |     1 ||     2
       Evoke Jump Attack |       |       |       |       |       |     3 |       |       ||     3
       Stop Flying       |       |       |       |       |       |       |       |     1 ||     1
Evoke: Wand              |       |       |     8 |    12 |     8 |    18 |    10 |     8 ||    64
       Rod               |       |       |       |       |     1 |    14 |     4 |     3 ||    22
  Use: Scroll            |       |     1 |     6 |    13 |    16 |    17 |    13 |    29 ||    95
       Potion            |       |       |     2 |     7 |     6 |    15 |     5 |    22 ||    57
 Stab: Invisible         |       |       |       |     5 |       |       |     1 |       ||     6
       Paralysed         |       |       |       |       |    12 |     3 |       |       ||    15
       Distracted        |       |       |       |       |       |     1 |     2 |       ||     3
